 Dungeon Crawl Stone Soup version 0.29.0-4-gdea44cf6ec (webtiles) character file.

Game seed: 15498126029966612181

91 qw the Chopper (level 4, -2/26 HPs)
             Began as a Tengu Warper on Aug 28, 2022.
             Slain by a gnoll
             ... wielding a +0 whip
              (5 damage)
             ... on level 3 of the Dungeon.
             The game lasted 00:00:16 (2322 turns).

qw the Chopper (Tengu Warper)                       Turns: 2322, Time: 00:00:16

Health: -2/26      AC:  8    Str: 13    XL:     4   Next: 59%
Magic:  8/8        EV:  9    Int: 14    God:
Gold:   109        SH:  0    Dex: 11    Spells: 7/7 levels left

rFire   . . .      SeeInvis .   Y - +1 hand axe
rCold   . . .      Faith    .   (no shield)
rNeg    . . .      Spirit   .   h - +0 scale mail
rPois   .          Reflect  .   a - +2 hat
rElec   .          Harm     .   (no cloak)
rCorr   .          Rampage  .   (no gloves)
Will    .....                   (boots unavailable)
Stlth   ..........              (no amulet)
HPRegen 0.08/turn               (no ring)
MPRegen 0.11/turn               (no ring)

@: no status effects
A: beak, talons 3, clumsy 1, mutation resistance 1, screaming 1
a: no special abilities


You were on level 3 of the Dungeon.
You visited 1 branch of the dungeon, and saw 3 of its levels.

You collected 109 gold pieces.


Innate Abilities, Weirdness & Mutations

You have a beak for a mouth.
You have claws for feet.
You are clumsy. (Dex -2)
You are somewhat resistant to further mutation.
You occasionally shout uncontrollably at your foes.


   Skills:
 - Level 2.0 Fighting
 + Level 5.1 Axes
 - Level 1.0 Throwing
 - Level 1.1 Armour
 - Level 2.1 Dodging
 - Level 2.0 Spellcasting
 - Level 2.4 Translocations


You had 7 spell levels left.
You didn't know any spells.
Your spell library contained the following spells:

 Spells                   Type           Power      Damage    Failure   Level
 Blink                    Tloc           16%        N/A       54%         2
 Gell's Gravitas          Tloc           8%         N/A       78%         3
 Lesser Beckoning         Tloc           8%         N/A       78%         3
 Teleport Other           Tloc           8%         N/A       78%         3
 Manifold Assault         Tloc           8%         N/A       100%        5

Inventory:

Hand Weapons
 g - a +0 club
 Y - a +1 hand axe (weapon)
Armour
 a - a +2 hat (worn)
 h - a +0 scale mail (worn)
Jewellery
 c - a +6 ring of intelligence
Scrolls
 f - a scroll of immolation {unknown}
Potions
 b - 2 potions of mutation
 d - 3 potions of curing
 e - a potion of haste {unknown}
 i - a potion of ambrosia {unknown}

Dungeon Overview and Level Annotations

Branches:
Dungeon (3/15)

Altars:
Ashenzari


Message History

You see here a hobgoblin corpse.
A dart slug comes into view.
2306 ||| Stepping ~*~*~tactically~*~*~ (stealth).
The dart slug launches a dart at you. The slug dart misses you.
You hit the dart slug.
You claw the dart slug, but do no damage.
The dart slug is heavily wounded.
You hit the dart slug. You claw the dart slug.
The dart slug is almost dead.
The dart slug launches a dart at you. The slug dart misses you.
You hit the dart slug.
You kill the dart slug!
You yell at the gnoll!
A gnoll comes into view. It is wielding a +0 spear.
You hear a shout! x3
2314 ||| Stepping ~*~*~tactically~*~*~ (hiding).
A gnoll comes into view. It is wielding a +0 whip.
2315 ||| Stepping ~*~*~tactically~*~*~ (hiding).
2316 ||| Stepping ~*~*~tactically~*~*~ (hiding).
A gnoll comes into view. It is wielding a +0 whip.
The gnoll completely misses you.
A gnoll comes into view. It is wielding a +0 whip.
The gnoll hits you but does no damage.
You hit the gnoll. Your kick misses the gnoll. You peck the gnoll.
The gnoll is heavily wounded.
You barely miss the gnoll. x2
The gnoll hits you with a +0 spear. The gnoll hits you with a +0 whip. x2
You closely miss the gnoll. You peck the gnoll.
The gnoll is heavily wounded.
You barely miss the gnoll. You closely miss the gnoll.
The gnoll hits you but does no damage. The gnoll closely misses you.
The gnoll hits you with a +0 whip. The gnoll hits you with a +0 whip!
The gnoll hits you but does no damage. The gnoll hits you with a +0 spear.
You hit the gnoll.
You kill the gnoll!
You hit the gnoll. You closely miss the gnoll. You barely miss the gnoll.
The gnoll hits you with a +0 whip.
You die...

... .# . ...
.# .......#
#.#.#..#
#.#.#..# #
#.#....# #
#.)g...#
##########
#.g@####
#.......##
#.g....#
#.........
#.#.##.#
#........#
#.....##.#
#........#
#.....##.#
#........#
........##.#
#........#
###.....##.#
##.....%%.#
#####.##.#
..........#
#.##.#
#........#


You could see 3 gnolls.

Vanquished Creatures
  2 adders (D:2)
  A gnoll (D:3)
  2 dart slugs (D:3)
  An orc (D:3)
  5 endoplasms
  6 giant cockroaches
  5 goblins
  5 hobgoblins
  9 jackals
  A quokka (D:3)
  6 ball pythons
  8 bats
  4 frilled lizards
  5 rats
60 creatures vanquished.

Notes
Turn   | Place    | Note
-------+----------+-------------------------------------------
     0 | D:1      | qw the Tengu Warper began the quest for the Orb.
     0 | D:1      | Reached XP level 1. HP: 12/12 MP: 4/4
     0 | D:1      | 0 ||| qw: Version: 0.1-a-89-g26bdef1
     0 | D:1      | 0 ||| qw: Game counter: 2996
     0 | D:1      | 0 ||| qw: Always use a shield: true
     0 | D:1      | 0 ||| qw: God list: Okawaru
     0 | D:1      | 0 ||| qw: Allow faded altars: false
     0 | D:1      | 0 ||| qw: Do Orc after D:15 true
     0 | D:1      | 0 ||| qw: Do second Lair branch before Depths: true
     0 | D:1      | 0 ||| qw: Lair rune preference: random
     0 | D:1      | 0 ||| qw: Plans: Normal
     0 | D:1      | 0 ||| PLANNING D:1-11
     3 | D:1      | Noticed an electric eel
     4 | D:1      | Noticed an electric eel
   168 | D:1      | 168 ||| Stepping ~*~*~tactically~*~*~ (stealth).
   176 | D:1      | Reached skill level 3 in Axes
   176 | D:1      | Reached XP level 2. HP: 17/17 MP: 6/6
   399 | D:1      | You fall into a shaft and drop 1 floor!
   399 | D:2      | Found a faded altar of an unknown god.
   574 | D:2      | 574 ||| Stepping ~*~*~tactically~*~*~ (stealth).
   575 | D:2      | 575 ||| Stepping ~*~*~tactically~*~*~ (stealth).
   576 | D:2      | 576 ||| Stepping ~*~*~tactically~*~*~ (stealth).
   587 | D:2      | Reached XP level 3. HP: 19/21 MP: 7/7
   606 | D:2      | 606 ||| READING scroll labelled JIFYALI RALELO.
   607 | D:2      | 607 ||| READING scroll labelled PIEVIC JODUJI.
   609 | D:2      | 609 ||| FLEEEEING.
   610 | D:2      | 610 ||| FLEEEEING.
   611 | D:2      | 611 ||| READING scroll labelled IKOEXT HEUDOIT.
   612 | D:2      | 612 ||| DROPPING scroll of blinking.
   618 | D:2      | Found a broken altar of Ashenzari.
   703 | D:1      | 703 ||| Stepping ~*~*~tactically~*~*~ (stealth).
   713 | D:1      | 713 ||| Stepping ~*~*~tactically~*~*~ (stealth).
   714 | D:1      | 714 ||| Stepping ~*~*~tactically~*~*~ (stealth).
   869 | D:1      | 869 ||| UPGRADING to +0 scale mail.
   879 | D:1      | 879 ||| DROPPING +0 leather armour.
   880 | D:1      | 880 ||| READING scroll labelled OLUTUI GAOT.
   881 | D:1      | 881 ||| READING scroll labelled QUIRCH IPPOVU.
   882 | D:1      | 882 ||| DRINKING 4 black potions.
   883 | D:1      | 883 ||| READING scroll of teleportation.
  1035 | D:2      | Reached skill level 4 in Axes
  1138 | D:2      | 1138 ||| Stepping ~*~*~tactically~*~*~ (stealth).
  1139 | D:2      | 1139 ||| Stepping ~*~*~tactically~*~*~ (stealth).
  1512 | D:2      | Reached XP level 4. HP: 26/26 MP: 8/8
  1665 | D:2      | 1665 ||| UPGRADING to +2 hat.
  1670 | D:2      | 1670 ||| READING scroll labelled PAROITH URCHILI.
  1671 | D:2      | 1671 ||| READING scroll labelled BAFROM VUNA.
  1672 | D:2      | 1672 ||| DRINKING 2 metallic black potions.
  1672 | D:2      | Gained mutation: You are clumsy. (Dex -2) [potion of
                  | mutation]
  1672 | D:2      | Gained mutation: You occasionally shout uncontrollably at
                  | your foes. [potion of mutation]
  1672 | D:2      | Gained mutation: You are somewhat resistant to further
                  | mutation. [potion of mutation]
  1876 | D:3      | Found a broken altar of Ashenzari.
  1912 | D:3      | 1912 ||| Stepping ~*~*~tactically~*~*~ (hiding).
  2110 | D:3      | Reached skill level 5 in Axes
  2306 | D:3      | 2306 ||| Stepping ~*~*~tactically~*~*~ (stealth).
  2314 | D:3      | 2314 ||| Stepping ~*~*~tactically~*~*~ (hiding).
  2315 | D:3      | 2315 ||| Stepping ~*~*~tactically~*~*~ (hiding).
  2316 | D:3      | 2316 ||| Stepping ~*~*~tactically~*~*~ (hiding).
  2321 | D:3      | HP: 4/26 [gnoll/+0 whip (7)]
  2322 | D:3      | Slain by a gnoll

Levels and vault maps discovered:
D:1:      arrival_aquarium_b, layout_loops_ring, fountainhead
D:2:      layout_basic, shapermc_ecumenical_altar_petra, basic_altar
D:3:      layout_basic, ashenzari_conservatory_becter

Skill      XL: |  1  2  3  4 |
---------------+-------------+-----
Axes           | 3 4 5 |  5.1
Fighting       | |  2.0
Throwing       | |  1.0
Armour         | |  1.1
Dodging        | |  2.1
Spellcasting   | |  2.0
Translocations | |  2.4

Action                   |  1- 3 |  4- 6 || total
-------------------------+-------+-------++-------
Melee: Hand axe          |    87 |    57 ||   144
       Kick              |    24 |    12 ||    36
       Peck              |     6 |    12 ||    18
Throw: Boomerang         |     7 |       ||     7
  Use: Scroll            |     6 |     2 ||     8
       Potion            |     1 |     1 ||     2
Armor: Leather armour    |    14 |       ||    14
       Scale mail        |    16 |    22 ||    38
Dodge: Dodged            |    46 |    34 ||    80

Table legend:
 A = Non-vault XP
 B = Vault XP
 C = Vault XP percentage of total XP
 D = Non-vault monster count
 E = Vault monster count
 F = Vault count percentage of total count
                 A         B        C        D         E       F
            +---------+---------+-------+---------+---------+-------
      Total |     145 |       0 |   0.0 |      60 |       0 |   0.0
            +---------+---------+-------+---------+---------+-------
        D:1 |      26 |       0 |   0.0 |      17 |       0 |   0.0
        D:2 |      70 |       0 |   0.0 |      27 |       0 |   0.0
        D:3 |      49 |       0 |   0.0 |      16 |       0 |   0.0
            +---------+---------+-------+---------+---------+-------
